Map: Incorporeal LE

Players

Lambo - Winner!

  • Race: Zerg Zerg
  • League: Grandmaster
  • Spawn Location: 11:00

MaxPax

  • Race: Protoss Protoss
  • League: Grandmaster
  • Spawn Location: 5:00

VOD

Have the link to the VOD?

Description

Time

  • Played on: Oct. 30, 2025, 9:58 a.m.
  • Length: 10:22
Show
View Real Time Build Order
Export as new Build Order

Lambo Zerg - Winner!

Build Orders: Hatch First 

Get SALT Encoding   

  12  0:00  Drone  
  13  0:08  Drone  
  14  0:14  Extractor, Drone  
  15  0:22  Overlord  
  15  0:41  Drone  
  16  0:45  Hatchery  
  16  0:49  Drone  
  16  0:53  Drone  
  18  0:57  Drone  
  18  1:07  Extractor  
  17  1:11  Spawning Pool  
  17  1:14  Drone  
  17  1:18  Drone  
  18  1:26  Drone  
  19  1:37  Drone  
  20  1:47  Drone  
  21  1:58  Queen x2  
  21  1:59  Drone, Overlord  
  26  2:08  Drone  
  27  2:09  Drone  
  27  2:11  Metabolic Boost  
  28  2:20  Drone x2  
  30  2:30  Drone x2  
  30  2:34  Queen  
  34  2:41  Hatchery  
  33  2:45  Overlord  
  33  2:47  Zergling x2  
  34  2:52  Drone  
  34  2:53  Overlord  
  35  3:01  Drone  
  36  3:07  Drone x6  
  42  3:13  Drone  
  42  3:17  Overlord  
  42  3:19  Queen  
  45  3:21  Drone  
  45  3:25  Spore Crawler  
  45  3:34  Queen  
  45  3:35  Spore Crawler  
  45  3:36  Drone  
  45  3:39  Drone x3  
  50  3:42  Drone x2  
  52  3:51  Overlord  
  52  3:52  Overlord  
  52  3:54  Drone x3  
  55  3:58  Drone  
  56  4:04  Drone x2  
  56  4:05  Overlord  
  56  4:08  Evolution Chamber, Drone  
  56  4:09  Drone x2  
  60  4:13  Drone x2  
  60  4:15  Drone  
  64  4:17  Lair  
  64  4:19  Zergling x2  
  64  4:22  Drone  
  66  4:26  Drone  
  66  4:27  Drone, Evolution Chamber  
  66  4:29  Drone, Extractor x2  
  66  4:30  Zergling x2  
  67  4:38  Drone x4, Roach Warren  
  71  4:42  Drone x2  
  71  4:45  Drone x2  
  74  4:47  Drone x2  
  74  4:50  Overlord, Drone x4  
  80  4:59  Zerg Melee Weapons Level 1, Drone, Extractor  
  80  5:01  Extractor  
  80  5:02  Extractor, Drone x2  
  80  5:08  Drone x2  
  80  5:11  Drone x2, Hatchery  
  80  5:13  Overlord  
  83  5:14  Overlord  
  83  5:16  Spire  
  83  5:19  Overlord  
  83  5:20  Overlord  
  82  5:21  Overlord  
  82  5:22  Drone  
  83  5:30  Zergling x4  
  83  5:32  Zergling x2  
  83  5:33  Zergling x2  
  83  5:34  Overlord  
  87  5:36  Hatchery  
  87  5:38  Overlord  
  86  5:43  Zergling x8  
  86  5:47  Zergling x8  
  94  5:53  Queen  
  94  5:54  Zergling x2  
  94  5:55  Zergling x2  
  98  6:00  Spore Crawler  
  98  6:03  Zergling x8  
  102  6:12  Zergling x12  
  102  6:16  Overlord  
  102  6:17  Overlord  
  107  6:20  Overlord  
  106  6:28  Zergling x12  
  108  6:33  Zerg Flyer Weapons Level 1  
  108  6:40  Mutalisk x3  
  108  6:42  Mutalisk x4  
  108  6:46  Extractor  
  121  6:49  Extractor, Mutalisk x6  
  131  6:54  Drone x3  
  131  6:57  Mutalisk x2  
  131  6:59  Drone  
  131  7:01  Hatchery  
  138  7:03  Mutalisk  
  142  7:10  Drone x4  
  142  7:13  Zerg Melee Weapons Level 2  
  146  7:19  Zergling x10  
  150  7:26  Mutalisk x2  
  152  7:32  Mutalisk x2  
  155  7:42  Mutalisk x2  
  157  7:46  Zergling x22  
  164  7:53  Mutalisk x2  
  150  7:59  Mutalisk x2  
  150  8:02  Zergling x10  
  151  8:08  Drone x6  
  151  8:12  Baneling Nest  
  156  8:13  Drone  
  156  8:14  Drone x3  
  156  8:16  Mutalisk  
  162  8:20  Mutalisk  
  162  8:21  Mutalisk  
  162  8:25  Mutalisk  
  162  8:26  Mutalisk  
  170  8:27  Spine Crawler, Extractor  
  170  8:28  Zergling x2  
  170  8:29  Extractor  
  154  8:35  Mutalisk x2  
  154  8:37  Zergling x16  
  158  8:43  Mutalisk x2  
  158  8:45  Zergling x8  
  162  8:48  Mutalisk  
  162  8:53  Zergling x10  
  169  9:01  Drone  
  170  9:04  Spine Crawler, Mutalisk x3  
  170  9:06  Drone x3  
  170  9:08  Centrifugal Hooks  
  170  9:09  Drone  
  179  9:13  Mutalisk  
  181  9:19  Overlord  
  181  9:21  Overlord  
  179  9:25  Mutalisk x2  
  179  9:27  Baneling x10  
  181  9:38  Mutalisk x3  
  177  9:48  Mutalisk x3  
  177  9:52  Zergling x30  
  197  10:01  Zergling x4  
Show
View Real Time Build Order
Export as new Build Order

MaxPax Protoss 

Build Orders: 1 Gate Expand, Oracle Opening, Zealot Archon 

Get SALT Encoding   

  12  0:00  Probe  
  13  0:12  Probe  
  14  0:19  Pylon  
  14  0:24  Probe  
  15  0:38  Probe (Chrono Boost)  
  15  0:41  Gateway  
  16  0:46  Probe (Chrono Boost)  
  16  0:47  Assimilator  
  17  0:52  Probe  
  18  1:04  Probe  
  19  1:16  Probe  
  20  1:22  Nexus  
  20  1:32  Cybernetics Core  
  20  1:36  Probe  
  21  1:40  Assimilator  
  21  1:48  Probe  
  21  1:50  Pylon  
  22  2:00  Probe (Chrono Boost)  
  23  2:07  Adept  
  25  2:12  Probe (Chrono Boost)  
  25  2:13  Stargate  
  26  2:19  Probe (Chrono Boost)  
  26  2:22  Warp Gate  
  27  2:28  Probe (Chrono Boost)  
  28  2:34  Probe (Chrono Boost)  
  29  2:38  Stalker  
  29  2:44  Probe x2 (Chrono Boost)  
  33  2:49  Probe (Chrono Boost)  
  33  2:50  Probe  
  35  2:56  Oracle (Chrono Boost)  
  35  3:01  Probe  
  35  3:02  Pylon  
  35  3:03  Probe  
  40  3:13  Probe  
  40  3:15  Probe  
  42  3:24  Oracle (Chrono Boost)  
  42  3:25  Probe  
  43  3:27  Probe  
  43  3:31  Nexus  
  47  3:35  Pylon  
  47  3:37  Probe  
  47  3:39  Probe  
  49  3:44  Gateway  
  49  3:50  Probe  
  49  3:51  Probe  
  49  3:54  Assimilator  
  49  3:55  Assimilator  
  51  4:00  Twilight Council  
  51  4:02  Probe  
  52  4:03  Probe  
  53  4:14  Probe  
  53  4:15  Probe  
  55  4:19  Gateway  
  55  4:20  Gateway  
  55  4:26  Probe  
  55  4:27  Pylon, Probe  
  55  4:28  Blink (Chrono Boost)  
  57  4:32  Forge  
  57  4:38  Probe  
  58  4:39  Probe  
  58  4:43  Probe  
  58  4:44  Stalker  
  58  4:45  Stalker  
  64  4:50  Probe  
  64  4:51  Probe  
  66  4:55  Probe  
  67  5:00  Pylon  
  67  5:02  Probe  
  67  5:04  Probe, Shield Battery, Protoss Ground Weapons Level 1  
  69  5:07  Probe  
  69  5:12  Stalker x2  
  74  5:14  Probe  
  74  5:16  Probe  
  74  5:17  Stalker x2  
  74  5:19  Probe  
  81  5:26  Probe  
  81  5:28  Probe  
  83  5:31  Probe  
  83  5:34  Assimilator  
  83  5:35  Pylon  
  84  5:36  Assimilator  
  84  5:38  Probe  
  84  5:40  Probe  
  84  5:41  Stalker x3  
  92  5:44  Probe  
  92  5:48  Pylon  
  93  5:53  Probe  
  93  5:54  Probe  
  96  5:57  Probe  
  96  6:01  Templar Archives  
  96  6:06  Gateway  
  96  6:07  Charge (Chrono Boost)  
  96  6:08  Gateway  
  96  6:10  Gateway  
  96  6:15  Gateway  
  96  6:20  Zealot x2  
  96  6:21  Psionic Storm  
  100  6:39  Nexus  
  100  6:41  Pylon, Robotics Facility  
  100  6:44  High Templar x4  
  100  6:45  Gateway x2  
  108  6:47  Pylon  
  108  6:50  Photon Cannon  
  108  6:52  Probe  
  109  6:54  Pylon  
  109  6:59  Probe x2  
  111  7:03  Zealot  
  111  7:04  Zealot, Probe  
  111  7:07  Protoss Ground Weapons Level 2  
  116  7:11  Probe  
  116  7:12  Probe  
  116  7:13  Photon Cannon  
  116  7:15  Shield Battery  
  118  7:16  Probe  
  118  7:19  High Templar  
  118  7:20  High Templar  
  123  7:23  Probe  
  123  7:24  Archon  
  123  7:27  Stalker x4  
  130  7:30  Photon Cannon  
  130  7:31  Photon Cannon  
  128  7:42  Phoenix (Chrono Boost)  
  127  7:45  Zealot x3  
  127  7:48  Photon Cannon  
  133  7:53  Photon Cannon  
  121  8:00  Stalker x4  
  121  8:01  Stalker  
  125  8:07  Nexus  
  125  8:11  High Templar  
  125  8:12  High Templar  
  129  8:14  High Templar  
  129  8:15  Archon  
  129  8:17  Pylon  
  129  8:18  Archon  
  129  8:19  Photon Cannon  
  131  8:23  Pylon  
  131  8:24  Observer (Chrono Boost)  
  132  8:28  Pylon  
  128  8:40  Stalker x6  
  130  8:44  Archon  
  130  8:46  Stalker x2  
  126  8:52  Probe  
  126  8:53  Probe  
  126  8:55  Photon Cannon  
  128  8:57  High Templar, Photon Cannon  
  128  8:59  Probe  
  129  9:03  Zealot x3  
  129  9:04  Probe  
  129  9:06  Probe  
  137  9:17  Zealot x5  
  137  9:21  Stalker  
  149  9:30  High Templar  
  139  9:40  Stalker x5  
  139  9:45  Probe  
  130  9:46  Probe x3  
  117  9:57  Probe  
  117  9:59  Stalker x4  
  118  10:01  Probe  
  118  10:02  Probe  
  118  10:03  Probe  
  104  10:07  High Templar  
  104  10:08  Stalker x2  
  104  10:09  Probe  
  94  10:15  Stalker x2  
Tags
 
Add a new tag
Caveats
  • Supply blocks, unpowered buildings, or Contaminate may cause inaccurate times.
  • Supply counts are checked every 10 seconds.